 Dungeon Crawl Stone Soup version 0.23.0 (webtiles) character file.

Game seed: 2028275144160014530

65053 grindst0ne the Fighter (level 14, 0/119 HPs)
             Began as a Mummy Fighter on Feb 9, 2019.
             Was an Initiate of Gozag.
             Slain by a troll (shapeshifter) (1 damage)
             ... on level 15 of the Dungeon.
             The game lasted 00:56:56 (30102 turns).

grindst0ne the Fighter (Mummy Fighter)             Turns: 30102, Time: 00:56:56

Health: 0/119      AC: 16    Str: 26    XL:     14   Next: 74%
Magic:  18/18      EV: 15    Int:  8    God:    Gozag
Gold:   1991       SH: 13    Dex: 23    Spells: 13/13 levels left

rFire    + + .     SeeInvis .   z - +2 scimitar (flame)
rCold    + . .     Gourm    .   c - +0 shield
rNeg     + + +     Faith    .   t - +2 ring mail {rF+}
rPois    ∞         Spirit   .   y - +0 helmet
rElec    +         Reflect  .   H - scarf {cloud immunity}
rCorr    .         Harm     .   r - +2 pair of gloves
MR       ++...                  C - +1 pair of boots of Pom Atin {rF+ Int+4 Dex+2}
Stlth    +.........             (no amulet)
HPRegen  0.29/turn              m - ring of Vehumet's Pride {rElec Str+2 Int-3 Dex+5}
MPRegen  0.16/turn              G - ring of Doduyv {rF+ rN+ MR+ Str+4}

@: flying, hasted, very quick
A: no food or potions, fire vulnerability, cold resistance 1, negative energy
resistance 3, torment resistance, unbreathing, in touch with death 1
a: Potion Petition, Call Merchant, Bribe Branch, Renounce Religion


You were on level 15 of the Dungeon.
You worshipped Gozag.
Gozag was most pleased with you.
You were not hungry.

You visited 3 branches of the dungeon, and saw 22 of its levels.
You also visited: Ossuary.

You collected 6138 gold pieces.
You spent 198 gold pieces at shops.
You paid 3949 gold pieces to Gozag.

Inventory:

Hand Weapons
 z - a +2 scimitar of flaming (weapon)
 J - a +0 broad axe
Missiles
 u - 17 tomahawks (quivered)
Armour
 c - a +0 shield (worn)
 r - a +2 pair of gloves (worn)
 t - a +2 ring mail of fire resistance (worn)
 y - a +0 helmet (worn)
 C - the +1 pair of boots of Pom Atin (worn) {rF+ Int+4 Dex+2}
   (You found it on level 3 of the Lair of Beasts)

   It affects your intelligence (+4).
   It affects your dexterity (+2).
   It protects you from fire.
 H - a scarf of cloud immunity (worn)
Jewellery
 m - the ring of Vehumet's Pride (left hand) {rElec Str+2 Int-3 Dex+5}
   (You found it on level 4 of the Dungeon)

   [ring of strength]

   It affects your strength (+2).
   It affects your intelligence (-3).
   It affects your dexterity (+5).
   It insulates you from electricity.
 o - an uncursed ring of ice
 A - an uncursed ring of protection from fire
 B - an uncursed ring of protection from magic
 F - an uncursed ring of protection from cold
 G - the ring of Doduyv (right hand) {rF+ rN+ MR+ Str+4}
   (You acquired it on level 6 of the Lair of Beasts)

   [ring of protection from magic]

   It affects your strength (+4).
   It protects you from fire.
   It protects you from negative energy.
   It affects your resistance to hostile enchantments.
 L - an uncursed ring of flight
Wands
 l - a wand of scattershot (4)
 s - a wand of paralysis (9)
 v - a wand of flame (71)
 x - a wand of enslavement (12)
 D - a wand of disintegration (2)
 I - a wand of acid (2)
 K - a wand of clouds (5)
Scrolls
 a - 3 scrolls of fear
 b - a scroll of holy word
 d - 17 scrolls of remove curse
 e - 3 scrolls of enchant armour
 f - 2 scrolls of summoning
 g - 4 scrolls of teleportation
 h - 5 scrolls of fog
 i - 5 scrolls of amnesia
 j - 8 scrolls of enchant weapon
 k - 2 scrolls of vulnerability
 p - 3 scrolls of magic mapping
 q - 4 scrolls of immolation
 w - 4 scrolls of blinking
 E - 4 scrolls of identify


   Skills:
 + Level 13.7 Fighting
 + Level 11.6 Axes
 + Level 9.0 Armour
 - Level 6.0 Dodging
 - Level 10.0 Shields
 - Level 6.0 Evocations


You had 13 spell levels left.
You didn't know any spells.
Your spell library contained the following spells:

 Spells                   Type           Power        Failure   Level  Hunger
 Animate Skeleton         Necr           N/A          75%         1    N/A
 Apportation              Tloc           #.....       75%         1    N/A
 Confusing Touch          Hex            #.....       75%         1    N/A
 Sting                    Conj/Pois      #...         75%         1    N/A
 Summon Butterflies       Summ           #.......     75%         1    N/A
 Summon Small Mammal      Summ           #...         75%         1    N/A
 Poisonous Vapours        Pois/Air       #.....       87%         2    N/A
 Confuse                  Hex            #.......     98%         3    N/A
 Conjure Flame            Conj/Fire      #.......     98%         3    N/A
 Gell's Gravitas          Tloc           #.........   98%         3    N/A
 Lesser Beckoning         Tloc           #.........   98%         3    N/A
 Mephitic Cloud           Conj/Pois/Air  #.......     98%         3    N/A
 Tukima's Dance           Hex            #.......     98%         3    N/A
 Olgreb's Toxic Radiance  Pois           #.......     100%        4    N/A
 Petrify                  Tmut/Erth      #.......     100%        4    N/A
 Alistair's Intoxication  Tmut/Pois      #.......     100%        5    N/A
 Metabolic Englaciation   Hex/Ice        #.........   100%        5    N/A
 Venom Bolt               Conj/Pois      #.........   100%        5    N/A
 Yara's Violent Unravell  Hex/Tmut       #.........   100%        5    N/A
 Freezing Cloud           Conj/Ice/Air   #.........   100%        6    N/A
 Invisibility             Hex            #.......     100%        6    N/A
 Ring of Flames           Chrm/Fire      #.........   100%        7    N/A

Dungeon Overview and Level Annotations

Branches:
Dungeon (15/15)            Temple (1/1) D:7            Lair (6/6) D:9
 Shoals (0/4) Lair:2        Snake (0/4) Lair:4        Slime (0/5) Lair:5
    Orc (0/2) D:10         Vaults (0/5) D:14
 Depths: D:15

Altars:
Ashenzari
Cheibriados
Dithmenos
Elyvilon
Fedhas
Gozag
Hepliaklqana
Kikubaaqudgha
Makhleb
Nemelex Xobeh
Okawaru
Qazlal
Ru
Sif Muna
Uskayaw
Vehumet
Wu Jian
Yredelemnul
Zin
The Shining One
Jiyva

Shops:
D:13 *   D:15 *

Annotations:
D:9 2 transporters
D:11 exclusion: downstairs
Lair:3 exclusion: oklob plant
Lair:5 exclusion: 2 downstairs


Innate Abilities, Weirdness & Mutations

You do not eat or drink.
Your flesh is vulnerable to fire.
You are immune to poison.
Your flesh is cold resistant. (rC+)
You are immune to negative energy. (rN+++)
You are immune to unholy pain and torment.
You can survive without breathing.
You are in touch with the powers of death.


Message History

* * * LOW HITPOINT WARNING * * *
You block the five-headed hydra's attack. x2
The five-headed hydra bites you but does no damage.
You block the five-headed hydra's attack. [a] - 299 gold - haste and flight [b] - 414 gold - resistance, might and agility [c] - 286 gold - resistance and flight Purchase which effect?
You feel yourself speed up.
You feel very buoyant.
You fly up into the air.
You block the five-headed hydra's attack.
The five-headed hydra bites you but does no damage.
The five-headed hydra bites you!
* * * LOW HITPOINT WARNING * * *
You block the five-headed hydra's attack.
The five-headed hydra misses you. The troll bites you but does no damage.
The troll claws you but does no damage. The troll claws you.
You die...
Your body crumbles into a pile of gold.

..########..........#
.........##.........#
.........##...##....#
..........##...#....#
..........##...#....#
#######....##..#....#
#######....##(......#
##........##........#
##........##....@T..#
.##......##....##D..#
.##......##.....#.......
..########.....##.......
..########.(...# .......
...............# .......
...............#........
####......######........
#..............


You could see a five-headed hydra and a troll shaped shifter.

Vanquished Creatures
  Josephine (Lair:4)
  A rakshasa (D:15)
  5 hydras
  A centaur warrior (D:15)
  A two-headed ogre (D:10)
  3 catoblepae (Lair:6)
  Erica (D:8)
  A tengu warrior (D:5)
  7 death yaks
  Nergalle (Lair:1)
  An unseen horror (D:14)
  A deep troll (D:14)
  2 deep elf magi
  A necromancer (D:14)
  Pikel (D:7)
  A lindwurm (D:14)
  3 manticores
  An orc knight (D:11)
  3 ugly things
  A merfolk siren (Lair:2)
  3 cyclopes
  12 elephants
  4 black mambas
  A centaur skeleton (D:12)
  Psyche (D:8)
  A gargoyle (D:11)
  A torpor snail (Lair:1)
  3 rime drakes
  2 kobold demonologists (D:11)
  10 spiny frogs
  8 komodo dragons
  A polar bear (Lair:2)
  5 trolls
  3 meliai (D:15)
  A tyrant leech (shapeshifter) (D:14)
  A hornet (D:12)
  15 blink frogs
  7 hippogriffs
  6 slime creatures (D:13)
  A meliai zombie (D:12)
  A blink frog (shapeshifter) (D:13)
  A shadow (D:15)
  4 wyverns
  38 yaks
  7 wraiths
  3 vampires
  2 basilisks
  5 humans
  A hungry ghost (D:12)
  A hog (shapeshifter) (D:14)
  6 vampire mosquitoes
  2 wargs
  Menkaure (D:7)
  15 water moccasins
  Duvessa (D:5)
  4 orc warriors (D:11)
  7 porcupines
  2 black bears
  2 eyes of draining
  2 ice beasts
  2 necrophages (D:8)
  4 phantoms
  7 sky beasts
  5 wolves (Lair:3)
  8 ogres
  4 centaurs
  12 crocodiles
  5 big kobolds
  18 bullfrogs
  An elf zombie (D:8)
  Dowan (D:5)
  A wyvern skeleton (D:14)
  12 scorpions
  5 killer bees (D:9)
  An electric eel (Lair:3)
  13 wights
  A vampire bat (D:4)
  4 howler monkeys
  6 crimson imps
  5 centaur zombies
  A quasit (D:10)
  7 hounds
  5 jellies
  6 orc priests
  4 human zombies
  Ijyb (D:5)
  2 bullfrog skeletons
  2 human skeletons (D:8)
  11 orc wizards
  2 iguanas
  14 worker ants
  A big kobold zombie (Ossuary)
  A hound zombie (D:5)
  4 mummies
  16 gnolls
  18 adders
  4 scorpion zombies (Ossuary)
  5 shadow imps
  6 oozes
  3 adder skeletons
  3 worms
  2 dart slugs
  3 fire bats (D:4)
  4 leopard geckos
  42 orcs
  2 spectral bats (D:4)
  3 bat skeletons (D:4)
  3 bat zombies
  7 giant cockroaches
  A gnoll zombie (Ossuary)
  4 hobgoblins
  4 jackals (D:1)
  19 kobolds
  5 quokkas
  7 ball pythons
  16 bats
  A bat simulacrum (D:4)
  6 frilled lizards
  A goblin (D:3)
  2 goblin zombies (Ossuary)
  A hobgoblin zombie (Ossuary)
  A kobold zombie (Ossuary)
  A leopard gecko skeleton (D:5)
  5 orc zombies (Ossuary)
  8 rats
  A rat zombie (D:3)
  3 fungi
  16 plants
627 creatures vanquished.

Vanquished Creatures (collateral kills)
  2 orcs (D:10)
2 creatures vanquished.

Vanquished Creatures (others)
  Harold (D:8)
  A yak (Lair:1)
  A warg (D:10)
  2 bushes
  16 fungi
  9 plants
30 creatures vanquished.

Grand Total: 659 creatures vanquished

Notes
Turn   | Place    | Note
-------+----------+-------------------------------------------
     0 | D:1      | grindst0ne the Mummy Fighter began the quest for the Orb.
     0 | D:1      | Reached XP level 1. HP: 18/18 MP: 1/1
   367 | D:1      | Reached XP level 2. HP: 13/24 MP: 2/2
   830 | D:2      | Found a sacrificial altar of Ru.
   930 | D:2      | Reached XP level 3. HP: 29/29 MP: 3/3
  1169 | D:2      | Reached XP level 4. HP: 35/35 MP: 4/4
  1603 | D:3      | Reached XP level 5. HP: 38/42 MP: 5/5
  1783 | D:3      | Reached skill level 4 in Fighting
  2438 | D:3      | Found an ancient bone altar of Kikubaaqudgha.
  2552 | D:4      | Got a scorched steel ring
  2553 | D:4      | Identified the ring of Vehumet's Pride {rElec Str+2 Int-3
                  | Dex+5} (You found it on level 4 of the Dungeon)
  2564 | D:4      | Reached XP level 6. HP: 47/48 MP: 6/6
  2601 | D:4      | Found a sand-covered staircase.
  2611 | Ossuary  | Entered an ossuary
  3060 | Ossuary  | Reached XP level 7. HP: 48/55 MP: 7/7
  3129 | Ossuary  | Reached skill level 5 in Fighting
  3931 | D:4      | Reached XP level 8. HP: 50/63 MP: 8/8
  4260 | D:4      | Found a sparkling altar of Nemelex Xobeh.
  4389 | D:5      | Entered Level 5 of the Dungeon
  4660 | D:5      | Reached skill level 6 in Fighting
  4660 | D:5      | Reached skill level 5 in Armour
  4660 | D:5      | Reached skill level 5 in Shields
  4680 | D:5      | Noticed a tengu warrior
  4705 | D:5      | Killed a tengu warrior
  4705 | D:5      | Reached skill level 5 in Axes
  4705 | D:5      | Reached XP level 9. HP: 7/71 MP: 9/9
  5003 | D:5      | Noticed Dowan
  5004 | D:5      | Noticed Duvessa
  5016 | D:5      | Killed Duvessa
  5019 | D:5      | Killed Dowan
  5088 | D:5      | Reached skill level 7 in Fighting
  5136 | D:5      | Noticed Ijyb
  5144 | D:5      | Killed Ijyb
  6552 | D:7      | Noticed Pikel
  6577 | D:7      | Killed Pikel
  6702 | D:7      | Reached XP level 10. HP: 79/80 MP: 10/10
  6703 | D:7      | Found a staircase to the Ecumenical Temple.
  6727 | Temple   | Entered the Ecumenical Temple
  6824 | Temple   | Became a worshipper of Gozag Ym Sagoz the Greedy
  7094 | D:7      | Noticed Menkaure
  7100 | D:7      | Killed Menkaure
  7197 | D:8      | Noticed Psyche
  7202 | D:8      | Reached skill level 8 in Fighting
  7215 | D:8      | Killed Psyche
  7248 | D:8      | Found a glowing silver altar of Zin.
  7405 | D:8      | Noticed Harold
  7405 | D:8      | Noticed Erica
  7426 | D:8      | Killed Harold
  7438 | D:8      | Killed Erica
  7913 | D:8      | Found a shattered altar of Ashenzari.
  8031 | D:8      | Found a basalt altar of Yredelemnul.
  8472 | D:9      | Reached skill level 1 in Dodging
  8508 | D:9      | Reached skill level 9 in Fighting
  8565 | D:9      | Found a staircase to the Lair.
  8786 | D:9      | Reached XP level 11. HP: 82/89 MP: 11/11
  9108 | D:9      | Found a transporter.
  9168 | D:9      | Found a transporter.
  9212 | D:9      | Found a stormy altar of Qazlal.
  9368 | D:10     | Entered Level 10 of the Dungeon
  9769 | D:10     | Noticed a two-headed ogre
  9795 | D:10     | Killed a two-headed ogre
 10097 | D:10     | Found a staircase to the Orcish Mines.
 10649 | Lair:1   | Entered Level 1 of the Lair of Beasts
 11156 | Lair:1   | Noticed Nergalle
 11178 | Lair:1   | Killed Nergalle
 11225 | Lair:1   | Reached skill level 10 in Fighting
 12572 | Lair:2   | Reached XP level 12. HP: 98/98 MP: 12/12
 13738 | Lair:2   | Reached skill level 5 in Dodging
 13950 | Lair:2   | Found a staircase to the Shoals.
 14099 | Lair:2   | Noticed a six-headed hydra
 14105 | Lair:2   | Killed a two-headed hydra
 14510 | Lair:2   | Noticed a four-headed hydra
 14522 | Lair:2   | Killed a one-headed hydra
 14864 | Lair:3   | Reached skill level 11 in Fighting
 14902 | Lair:3   | Got a pair of ichor-stained boots
 14913 | Lair:3   | Identified the +1 pair of boots of Pom Atin {rF+ Int+4
                  | Dex+2} (You found it on level 3 of the Lair of Beasts)
 15145 | Lair:3   | Found a hazy altar of Hepliaklqana.
 16631 | Lair:4   | Noticed a death yak
 16631 | Lair:4   | Noticed a death yak
 16691 | Lair:4   | Noticed a seven-headed hydra
 16937 | Lair:4   | Killed a two-headed hydra
 17246 | Lair:4   | Found a staircase to the Snake Pit.
 17345 | Lair:4   | Noticed Josephine
 17372 | Lair:4   | Killed Josephine
 17384 | Lair:4   | Gained mutation: You are in touch with the powers of death.
                  | [Mummy growth]
 17384 | Lair:4   | Reached XP level 13. HP: 60/106 MP: 13/13
 18454 | Lair:5   | Reached skill level 10 in Shields
 18486 | Lair:5   | Reached skill level 1 in Evocations
 18797 | Lair:5   | Reached skill level 10 in Axes
 18813 | Lair:5   | Reached skill level 12 in Fighting
 19069 | Lair:5   | Found a staircase to the Slime Pits.
 19069 | Lair:5   | Found a viscous altar of Jiyva.
 20150 | Lair:6   | Entered Level 6 of the Lair of Beasts
 23216 | Lair:6   | Reached XP level 14. HP: 63/116 MP: 17/17
 23423 | Lair:6   | Got a scorched rapier
 23450 | Lair:6   | Identified 2 scrolls of acquirement
 23454 | Lair:6   | Got a vibrating marble ring
 23456 | Lair:6   | Identified the ring of Doduyv {rF+ rN+ MR+ Str+4} (You
                  | acquired it on level 6 of the Lair of Beasts)
 23716 | Lair:6   | Reached skill level 5 in Evocations
 24318 | D:11     | Reached skill level 13 in Fighting
 24982 | D:11     | You fall through a shaft for 3 floors!
 25753 | D:11     | Identified the +3 rapier "Suneykkywin" {elec, rPois} (You
                  | found it on level 6 of the Lair of Beasts)
 27115 | D:13     | Found Tudomuuq's General Store.
 27133 | D:13     | Bought a scroll of enchant weapon for 120 gold pieces
 28953 | D:14     | Found a gate to the Vaults.
 29106 | D:15     | Entered Level 15 of the Dungeon
 29300 | D:15     | Found Tuxez's General Store.
 29309 | D:15     | Bought a scroll of remove curse for 36 gold pieces
 29309 | D:15     | Bought a scroll of fear for 42 gold pieces
 30102 | D:15     | HP: 1/119 [five-headed hydra (11)]
 30102 | D:15     | Slain by a troll (shapeshifter)

Skill      XL: |  1  2  3  4  5  6  7  8  9 10 11 12 13 14 |
---------------+-------------------------------------------+-----
Axes           | 2 3 4 5 6 7 8 9 10 11 | 11.6
Armour         | 3 4 5 6 7 9 |  9.0
Shields        | 3 4 5 6 7 8 9 10 | 10.0
Fighting       | 4 5 6 7 9 10 11 12 13 | 13.7
Dodging        | 1 4 6 |  6.0
Evocations     | 4 6 |  6.0

Action                   |  1- 3 |  4- 6 |  7- 9 | 10-12 | 13-15 || total
-------------------------+-------+-------+-------+-------+-------++-------
Melee: War axe           |    95 |   191 |   368 |  1113 |   863 ||  2630
       Scimitar          |       |       |       |    23 |    11 ||    34
       Broad axe         |       |       |       |       |   102 ||   102
Invok: Potion Petition   |       |       |       |     6 |     6 ||    12
Evoke: Wand              |       |       |    11 |    21 |    22 ||    54
  Use: Scroll            |     4 |     3 |     6 |     9 |     8 ||    30
 Stab: Invisible         |       |       |       |     3 |       ||     3
       Distracted        |       |       |       |    11 |     5 ||    16
       Petrified         |       |       |       |       |     2 ||     2
       Sleeping          |       |       |       |       |     1 ||     1
Armor: Scale mail        |    47 |    35 |       |       |       ||    82
       Ring mail         |       |    52 |   214 |   335 |   309 ||   910
Dodge: Dodged            |    30 |    79 |   148 |   395 |   460 ||  1112
Block: Shield            |    49 |   129 |   274 |   681 |   665 ||  1798
       Rpst.: Scimitar   |       |       |       |     6 |     2 ||     8
